 Dungeon Crawl Stone Soup version 0.17.1-1-g73c8601 (webtiles) character file.

7 zhaorenw the Vexing (level 1, 0/15 HPs)
             Began as a Demonspawn Wanderer on Jan 6, 2016.
             Slain by a bat (1 damage)
             ... on level 1 of the Dungeon.
             The game lasted 00:00:53 (217 turns).

zhaorenw the Vexing (Demonspawn Wanderer)            Turns: 217, Time: 00:00:53

Health: 0/15       AC:  2    Str: 12    XL:     1   Next: 83%
Magic:  3/3        EV: 11    Int: 14    God:
Gold:   0          SH:  3    Dex: 11    Spells: 0 memorised, 3 levels left

rFire  . . .     SeeInvis .     l - +0 short sword
rCold  . . .     Clarity  .     d - +0 robe
rNeg   . . .     SustAt   .     c - +0 buckler
rPois  .         Gourm    .     (no helmet)
rElec  .         Spirit   .     (no cloak)
rCorr  .         Warding  .     (no gloves)
rMut   .         Stasis   .     (no boots)
MR     .....                    (no amulet)
Stlth  +.........               (no ring)
                                (no ring)

@: not resistant to hostile enchantments, very unstealthy
A: no striking features
a: no special abilities


You were on level 1 of the Dungeon.
You were not hungry.

You visited 1 branch of the dungeon, and saw 1 of its levels.

Inventory:

Hand Weapons
 l - a +0 short sword (weapon)
   (You took it off a kobold on level 1 of the Dungeon)
Armour
 c - a +0 buckler (worn)
 d - a +0 robe (worn)
Scrolls
 k - a scroll of magic mapping {unknown}
Potions
 g - 2 potions of might {unknown}
 h - a potion of curing {unknown}
Books
 a - a book of Maledictions
 b - the Tome of the Mountains

   Spells                             Type                      Level
   a - Sandblast                      Earth                        1
   b - Stone Arrow                    Conjuration/Earth            3
Comestibles
 f - a bread ration {@e1}
 i - a meat ration {@e2}
 j - 3 chunks of flesh {@w0}


   Skills:
 - Level 1.0 Fighting
   Level 1.0 Staves
 - Level 1.0 Throwing
 - Level 1.0 Dodging
 - Level 1.0 Shields
 + Level 1.8 Spellcasting
   Level 4.0 Hexes


You had 3 spell levels left.
You didn't know any spells.

Dungeon Overview and Level Annotations

Branches:
Dungeon (1/15)

Altars:
Xom


Message History

You take 2 damage, and have 13/15 hp.
You hit the goblin.
You kill the goblin!
No target in view!
k - a scroll labeled MOTE GOEPASA You see here a goblin corpse.
You butcher the goblin corpse.
j - 3 chunks of flesh {@w0} (gained 2) Unknown command.
There is a stone staircase leading down here.
A kobold comes into view.
A kobold is nearby!
A kobold is nearby!
The kobold shouts!
The kobold throws a stone.
You block the stone.
You see here a stone.
The kobold throws a stone.
The stone barely misses you.
The kobold throws a stone.
You block the stone.
You see here a stone.
You block the kobold's attack.
You barely miss the kobold. The kobold hits you but does no damage.
The kobold hits you.
You take 2 damage, and have 12/15 hp.
You hit the kobold. The kobold misses you.
Your shield prevents you from hitting the kobold.
You block the kobold's attack.
You barely miss the kobold. The kobold barely misses you.
The kobold hits you but does no damage.
You closely miss the kobold. You block the kobold's attack.
You hit the kobold.
You kill the kobold!
No target in view!
Unknown command.
A kobold comes into view. It is wielding a short sword.
The kobold throws a stone.
The stone hits you.
You see here a stone.
You take 1 damage, and have 11/15 hp.
A kobold is nearby!
A kobold is nearby!
A rat comes into view.
The kobold throws a stone.
The stone closely misses you.
The kobold throws a stone.
The stone hits you but does no damage.
Found a stone staircase leading down.
You see here a stone.
A rat comes into view.
The rat closely misses you.
The kobold throws a stone.
You block the stone.
You see here a stone.
You hit the rat.
You kill the rat!
You hit the kobold but do no damage. The kobold barely misses you.
You block the kobold's attack.
You completely miss the kobold. You block the kobold's attack.
You hit the kobold.
You kill the kobold!
The rat closely misses you.
Things that are here:
a short sword; a kobold corpse You hit the rat.
You kill the rat!
Things that are here:
a short sword; a kobold corpse
l - a short sword Wield which item (- for none, * to show all)? (? for menu, Esc to quit)
l - a +0 short sword (weapon)
Drop what? 12/52 slots (_ for help) (? for menu, Esc to quit)
You drop a +0 club.
You start resting.
Health restored: 15; MP restored: 3 Unknown command.
An ooze and a hobgoblin come into view.
There are monsters nearby!
There are monsters nearby!
You hit the hobgoblin but do no damage. The hobgoblin hits you with a club.
You take 4 damage, and have 11/15 hp.
MASSIVE DAMAGE!!
You hit the hobgoblin.
You kill the hobgoblin!
You hit the ooze.
The ooze jiggles.
The ooze hits you.
You take 5 damage, and have 6/15 hp.
MASSIVE DAMAGE!!
An ooze comes into view.
You hit the ooze. The ooze barely misses you.
You barely miss the ooze. The ooze hits you.
* * * LOW HITPOINT WARNING * * *
You take 5 damage, and have 2/15 hp.
MASSIVE DAMAGE!!
The ooze jiggles.
The ooze hits you but does no damage.
You see here a club.
A bat comes into view.
The bat hits you.
* * * LOW HITPOINT WARNING * * *
You take 1 damage, and have 2/15 hp.
The bat hits you.
* * * LOW HITPOINT WARNING * * *
You take 1 damage, and have 1/15 hp.
The bat hits you.
You die...

#...# #######...####
.............######
###.###...(........ . #.#
#......##### .#... #.#
#...##(########.#...
#####.###..###...##........
........#.###.......#.#..#
#.......(..###..@........#
...........#.J..b....^^^.######
#.....(..............^_^......#
#..)(......###........^^......#
...†..........................##.
#..........###.#.(...............
..........##....(...##...(....##.
#...##....##...#..............#..
..####.#.....####...............#


You could see an ooze and a bat.

Vanquished Creatures
  A goblin (D:1)
  A hobgoblin (D:1)
  2 kobolds (D:1)
  A giant newt (D:1)
  2 rats (D:1)
7 creatures vanquished.

Notes
Turn   | Place    | Note
--------------------------------------------------------------
     0 | D:1      | zhaorenw the Demonspawn Wanderer began the quest for the Orb.
     0 | D:1      | zhaorenw set off with: a book of Maledictions, the Tome of the Mountains, a +0 buckler, a +0 robe, a +0 club, a bread ration {@e1}
     0 | D:1      | Reached XP level 1. HP: 15/15 MP: 2/2
     0 | D:1      | Identified the Tome of the Mountains
    52 | D:1      | Found a shimmering altar of Xom.
   196 | D:1      | HP: 2/15 [ooze (5)]
   215 | D:1      | HP: 2/15 [bat (1)]
   217 | D:1      | Slain by a bat

Action                   || total
-------------------------++-------
Melee: Club              ||    17
       Short sword       ||     5

Vault maps used:
D:1:      minmay_arrival_four_circles, serial_bayou_pond_b, xom_teletrap_fun

Table legend:
 A = Turns spent in this place as a percentage of turns spent in the entire game.
 B = Non-inter-level travel turns spent in this place as a percentage of non-inter-level travel turns spent in the entire game.
 C = Inter-level travel turns spent in this place as a percentage of turns spent in this place.
 D = Turns resting spent in this place as a percentage of non-inter-level travel turns spent in this place.
 E = Turns spent auto-exploring this place as a percentage of non-inter-level travel turns spent in this place.
 F = Non-inter-level travel turns spent in this place divided by the number of levels of this place that you've seen.
                   A       B       C       D       E      F
               +-------+-------+-------+-------+-------+----------------------
         Total | 100.0 | 100.0 |   0.0 |   1.5 |   5.3 | 133.0
       Dungeon | 100.0 | 100.0 |   0.0 |   1.5 |   5.3 | 133.0
               +-------+-------+-------+-------+-------+----------------------

Table legend:
 A = Kills in this place as a percentage of kills in entire the game.
 B = Kills by you in this place as a percentage of kills by you in the entire game.
 C = Kills by friends in this place as a percentage of kills by friends in the entire game.
 D = Other kills in this place as a percentage of other kills in the entire game.
 E = Experience gained in this place as a percentage of experience gained in the entire game.
 F = Experience gained in this place divided by the number of levels of this place that you have seen.
                   A       B       C       D       E      F
               +-------+-------+-------+-------+-------+----------------------
         Total | 100.0 | 100.0 |  -nan |  -nan | 100.0 |  10.0
       Dungeon | 100.0 | 100.0 |  -nan |  -nan | 100.0 |  10.0
               +-------+-------+-------+-------+-------+----------------------
